| TOP OF THE 1ST |
|
Wichita State University Shockers batting - Pitching for Oklahoma State University Cowboys : LHP Rod Somerville
|
|
Pitching: LHP Rod Somerville
|
|
|
Batting: RHB Jonathan Iniguez
|
0-0: Swinging Strike 0-1: Foul Ball, location: 2F 0-2: Fly out, F9 (Flyball, 9S, EV 79.4 MPH)
|
|
Batting: RHB Taffounnout Kame
|
0-0: Called Strike 0-1: Foul Ball, location: 2F 0-2: Ground out 5-3 (Groundball, 56, EV 103.8 MPH)
|
|
Batting: RHB Zach Maguire
|
0-0: Ball 1-0: Ball 2-0: Ball 3-0: Fly out, F7 (Line Drive, 7, EV 108.1 MPH)
|
| Top of the 1st over - 0 runs, 0 hits, 0 errors, 0 left on base; Wichita State University 0 - Oklahoma State University 0 |
| BOTTOM OF THE 1ST |
|
Oklahoma State University Cowboys batting - Pitching for Wichita State University Shockers : LHP Adam Schmidt
|
|
Pitching: LHP Adam Schmidt
|
|
|
Batting: RHB Wiliama Dana
|
0-0: Ball 1-0: Fly out, F8 (Line Drive, 8LD, EV 104.4 MPH)
|
|
Batting: LHB Orlando Rivera
|
0-0: Ball 1-0: Called Strike 1-1: Ball 2-1: Called Strike 2-2: Ground out 5-3 (Groundball, 15, EV 87.5 MPH)
|
|
Batting: RHB Kinzo Yokoyama
|
0-0: Ball 1-0: Ball 2-0: SINGLE (Groundball, 25, EV 66.2 MPH) (infield hit)
|
|
Batting: RHB Robbie Gomez
|
0-0: Ball 1-0: Swinging Strike 1-1: Foul Ball, location: 2F 1-2: Ball 2-2: Foul Ball, location: 2F 2-2: Foul Ball, location: 2F 2-2: Foul Ball, location: 2F 2-2: DOUBLE (Line Drive, 5D, EV 100.0 MPH) Kinzo Yokoyama to third
|
|
Batting: LHB Ian Cranton
|
0-0: Foul Ball, location: 2F 0-1: Ball 1-1: Called Strike 1-2: Ball 2-2: Strikes out looking
|
| Bottom of the 1st over - 0 runs, 2 hits, 0 errors, 2 left on base; Wichita State University 0 - Oklahoma State University 0 |
| TOP OF THE 2ND |
|
Wichita State University Shockers batting - Pitching for Oklahoma State University Cowboys : LHP Rod Somerville
|
|
Batting: LHB Sam Williams
|
0-0: Called Strike 0-1: SINGLE (Flyball, 6MD, EV 95.6 MPH)
|
|
Batting: RHB Alex Campos
|
0-0: Called Strike 0-1: Ball 1-1: Foul Ball, location: 2F 1-2: Ball 2-2: SINGLE (Groundball, 4D, EV 104.4 MPH) Sam Williams to second
|
|
Batting: RHB Kieron Clark
|
0-0: Ball 1-0: Ball 2-0: Called Strike 2-1: Ball 3-1: SINGLE (Line Drive, 56D, EV 101.9 MPH) Sam Williams to third Alex Campos to second
|
|
Batting: SHB Houston Phillips
|
0-0: Called Strike 0-1: Foul Ball, location: 2F 0-2: Ground out U3 (Groundball, 3S, EV 76.2 MPH) Sam Williams scores Alex Campos to third Kieron Clark to second
|
|
Batting: RHB Yutaka Yamane
|
0-0: Ball 1-0: Called Strike 1-1: Foul Ball, location: 2F 1-2: Strikes out swinging
|
|
Batting: RHB Victor Ramirez
|
0-0: Ball 1-0: Foul Ball, location: 2F 1-1: Ball 2-1: Ball 3-1: Base on Balls
|
|
Batting: RHB Jonathan Iniguez
|
0-0: Fly out, F9 (Flyball, 9, EV 81.9 MPH)
|
| Top of the 2nd over - 1 run, 3 hits, 0 errors, 3 left on base; Wichita State University 1 - Oklahoma State University 0 |
| BOTTOM OF THE 2ND |
|
Oklahoma State University Cowboys batting - Pitching for Wichita State University Shockers : LHP Adam Schmidt
|
|
Batting: RHB Larry Clark
|
0-0: Called Strike 0-1: Ground out 5-3 (Groundball, 56, EV 100.0 MPH)
|
|
Batting: SHB Chris Wagler
|
0-0: Called Strike 0-1: Ball 1-1: Ball 2-1: Foul Ball, location: 2F 2-2: Foul Ball, location: 2F 2-2: Foul Ball, location: 2F 2-2: Strikes out swinging
|
|
Batting: LHB Ed Talamantes
|
0-0: Called Strike 0-1: Swinging Strike 0-2: Foul Ball, location: 2F 0-2: Ball 1-2: Foul Ball, location: 2F 1-2: Ground out U3 (Groundball, 34, EV 79.4 MPH)
|
| Bottom of the 2nd over - 0 runs, 0 hits, 0 errors, 0 left on base; Wichita State University 1 - Oklahoma State University 0 |
| TOP OF THE 3RD |
|
Wichita State University Shockers batting - Pitching for Oklahoma State University Cowboys : LHP Rod Somerville
|
|
Batting: RHB Taffounnout Kame
|
0-0: Ball 1-0: Swinging Strike 1-1: Foul Ball, location: 2F 1-2: Strikes out looking
|
|
Batting: RHB Zach Maguire
|
0-0: Ball 1-0: Fly out, F9 (Flyball, 89S, EV 91.9 MPH)
|
|
Batting: LHB Sam Williams
|
0-0: Foul Ball, location: 2F 0-1: Swinging Strike 0-2: Ball 1-2: Foul Ball, location: 2F 1-2: Ground out 5-3 (Groundball, 56S, EV 85.6 MPH)
|
| Top of the 3rd over - 0 runs, 0 hits, 0 errors, 0 left on base; Wichita State University 1 - Oklahoma State University 0 |
| BOTTOM OF THE 3RD |
|
Oklahoma State University Cowboys batting - Pitching for Wichita State University Shockers : LHP Adam Schmidt
|
|
Batting: RHB Mario Arriero
|
0-0: Called Strike 0-1: Ground out 6-3 (Groundball, 6MS, EV 69.4 MPH)
|
|
Batting: RHB Wiliama Dana
|
0-0: SINGLE (Line Drive, 6D, EV 95.0 MPH)
|
|
Batting: LHB Orlando Rivera
|
0-0: DOUBLE (Line Drive, 9LS, EV 95.6 MPH) Wiliama Dana to third Runner from 3rd tries for Home, SAFE, throw by RF to home
|
|
Batting: RHB Kinzo Yokoyama
|
0-0: Called Strike 0-1: Ball 1-1: Ball 2-1: Called Strike 2-2: Fly out, F3 (Popup, 3L, EV 67.5 MPH)
|
|
Batting: RHB Robbie Gomez
|
0-0: Ball 1-0: Called Strike 1-1: Called Strike 1-2: Foul Ball, location: 2F 1-2: Ball 2-2: Fly out, F9 (Flyball, 9LS, EV 83.1 MPH)
|
| Bottom of the 3rd over - 1 run, 2 hits, 0 errors, 1 left on base; Wichita State University 1 - Oklahoma State University 1 |
| TOP OF THE 4TH |
|
Wichita State University Shockers batting - Pitching for Oklahoma State University Cowboys : LHP Rod Somerville
|
|
Batting: RHB Alex Campos
|
0-0: Called Strike 0-1: Ball 1-1: Swinging Strike 1-2: Ball 2-2: Fly out, F8 (Line Drive, 8LM, EV 96.9 MPH)
|
|
Batting: RHB Kieron Clark
|
0-0: Ball 1-0: Called Strike 1-1: Ground out 6-3 (Groundball, 6, EV 105.0 MPH)
|
|
Batting: SHB Houston Phillips
|
0-0: Foul Ball, location: 2F 0-1: SINGLE (Line Drive, 4MD, EV 94.4 MPH)
|
|
Batting: RHB Yutaka Yamane
|
0-0: Called Strike 0-1: Ball 1-1: Foul Ball, location: 2F 1-2: Foul Ball, location: 2F 1-2: Foul Ball, location: 2F 1-2: Strikes out swinging
|
| Top of the 4th over - 0 runs, 1 hit, 0 errors, 1 left on base; Wichita State University 1 - Oklahoma State University 1 |
| BOTTOM OF THE 4TH |
|
Oklahoma State University Cowboys batting - Pitching for Wichita State University Shockers : LHP Adam Schmidt
|
|
Batting: LHB Ian Cranton
|
0-0: Ball 1-0: Ball 2-0: Ground out 5-3 (Groundball, 56, EV 84.4 MPH)
|
|
Batting: RHB Larry Clark
|
0-0: Ball 1-0: Called Strike 1-1: Called Strike 1-2: Ground out 5-3 (Groundball, 56, EV 104.4 MPH)
|
|
Batting: SHB Chris Wagler
|
0-0: Called Strike 0-1: Ball 1-1: Fly out, F9 (Flyball, 9S, EV 91.2 MPH)
|
| Bottom of the 4th over - 0 runs, 0 hits, 0 errors, 0 left on base; Wichita State University 1 - Oklahoma State University 1 |
| TOP OF THE 5TH |
|
Wichita State University Shockers batting - Pitching for Oklahoma State University Cowboys : LHP Rod Somerville
|
|
Batting: RHB Victor Ramirez
|
0-0: Swinging Strike 0-1: Foul Ball, location: 2F 0-2: Ball 1-2: SINGLE (Line Drive, 7S, EV 100.0 MPH)
|
|
Batting: RHB Jonathan Iniguez
|
0-0: Sac Bunt to 2R - play at first, batter OUT! 2-4 Victor Ramirez to second
|
|
Batting: RHB Taffounnout Kame
|
0-0: Ball 1-0: Ball 2-0: Ball 3-0: Base on Balls
|
|
Batting: RHB Zach Maguire
|
0-0: Ball 1-0: Swinging Strike 1-1: SINGLE (Line Drive, 78S, EV 95.0 MPH) Victor Ramirez to third Taffounnout Kame to second Runner from 3rd tries for Home, throw by LF and OUT! 7-2
|
|
Batting: LHB Sam Williams
|
0-0: Ball 1-0: Called Strike 1-1: Called Strike 1-2: Foul Ball, location: 2F 1-2: Ball 2-2: Strikes out swinging
|
| Top of the 5th over - 0 runs, 2 hits, 0 errors, 2 left on base; Wichita State University 1 - Oklahoma State University 1 |
| BOTTOM OF THE 5TH |
|
Oklahoma State University Cowboys batting - Pitching for Wichita State University Shockers : LHP Adam Schmidt
|
|
Batting: LHB Ed Talamantes
|
0-0: Called Strike 0-1: Foul Ball, location: 2F 0-2: Foul Ball, location: 2F 0-2: Foul Ball, location: 2F 0-2: Ball 1-2: Ball 2-2: Ground out 6-3 (Groundball, P, EV 86.2 MPH)
|
|
Batting: RHB Mario Arriero
|
0-0: Ball 1-0: Ball 2-0: SINGLE (Line Drive, 8RS, EV 96.9 MPH)
|
|
Batting: RHB Wiliama Dana
|
0-0: Swinging Strike 0-1: Called Strike 0-2: Fly out, F7 (Line Drive, 7D, EV 83.8 MPH)
|
|
Pitching: RHP Franklin Vazquez
|
|
|
Batting: LHB Orlando Rivera
|
0-0: Ball 1-0: Foul Ball, location: 2F 1-1: Ball 2-1: Ball 3-1: Base on Balls Mario Arriero to second
|
|
Batting: RHB Kinzo Yokoyama
|
0-0: Ball 1-0: Fielders Choice at 2nd, 6-4 (Groundball, 6, EV 110.0 MPH)
|
| Bottom of the 5th over - 0 runs, 1 hit, 0 errors, 2 left on base; Wichita State University 1 - Oklahoma State University 1 |
| TOP OF THE 6TH |
|
Wichita State University Shockers batting - Pitching for Oklahoma State University Cowboys : LHP Rod Somerville
|
|
Pitching: RHP Rickey DuMire
|
|
|
Batting: RHB Alex Campos
|
0-0: Swinging Strike 0-1: Ball 1-1: Swinging Strike 1-2: Strikes out swinging
|
|
Batting: RHB Kieron Clark
|
0-0: Called Strike 0-1: SINGLE (Groundball, 4M, EV 109.4 MPH) (infield hit)
|
|
Batting: SHB Houston Phillips
|
0-0: Called Strike 0-1: Ball 1-1: Fly out, F8 (Flyball, 8RD, EV 88.8 MPH)
|
|
Batting: RHB Yutaka Yamane
|
0-0: Ball 1-0: 2-RUN HOME RUN (Flyball, 89XD, EV 108.8 MPH), Distance : 432 ft
|
|
Batting: RHB Victor Ramirez
|
0-0: Ground out 6-3 (Groundball, 6, EV 78.8 MPH)
|
| Top of the 6th over - 2 runs, 2 hits, 0 errors, 0 left on base; Wichita State University 3 - Oklahoma State University 1 |
| BOTTOM OF THE 6TH |
|
Oklahoma State University Cowboys batting - Pitching for Wichita State University Shockers : RHP Franklin Vazquez
|
|
Batting: RHB Robbie Gomez
|
0-0: Fly out, F4 (Popup, 4MD, EV 51.9 MPH)
|
|
Batting: LHB Ian Cranton
|
0-0: Called Strike 0-1: Ball 1-1: Foul Ball, location: 2F 1-2: Ball 2-2: Foul Ball, location: 2F 2-2: Foul Ball, location: 2F 2-2: Foul Ball, location: 2F 2-2: Foul Ball, location: 2F 2-2: Ball 3-2: Fly out, F6 (Popup, 6S, EV 66.9 MPH)
|
|
Batting: RHB Larry Clark
|
0-0: Fly out, F9 (Flyball, 89M, EV 88.1 MPH)
|
| Bottom of the 6th over - 0 runs, 0 hits, 0 errors, 0 left on base; Wichita State University 3 - Oklahoma State University 1 |
| TOP OF THE 7TH |
|
Wichita State University Shockers batting - Pitching for Oklahoma State University Cowboys : RHP Rickey DuMire
|
|
Batting: RHB Jonathan Iniguez
|
0-0: Ball 1-0: Foul Ball, location: 2F 1-1: SINGLE (Groundball, 56D, EV 98.8 MPH)
|
|
Batting: RHB Taffounnout Kame
|
0-0: Sac Bunt to 3S - play at first, batter OUT! 3-4 Jonathan Iniguez to second
|
|
Batting: RHB Zach Maguire
|
0-0: Called Strike Jonathan Iniguez is caught stealing 3rd base 2-5 0-1: Swinging Strike 0-2: Strikes out looking
|
| Top of the 7th over - 0 runs, 1 hit, 0 errors, 0 left on base; Wichita State University 3 - Oklahoma State University 1 |
| BOTTOM OF THE 7TH |
|
Oklahoma State University Cowboys batting - Pitching for Wichita State University Shockers : RHP Franklin Vazquez
|
|
Batting: SHB Chris Wagler
|
0-0: Fly out, F8 (Flyball, 8RD, EV 97.5 MPH)
|
|
Batting: LHB Ed Talamantes
|
0-0: Ball 1-0: Called Strike 1-1: Foul Ball, location: 2F 1-2: DOUBLE (Flyball, 78XD, EV 100.0 MPH)
|
|
Batting: RHB Mario Arriero
|
0-0: Ball 1-0: SINGLE (Groundball, 6MD, EV 93.8 MPH) Ed Talamantes to third Runner from 3rd tries for Home, throw by CF and OUT! 8-2
|
|
Pinch Hitting: LHB John Fortin
|
0-0: Called Strike 0-1: Ball 1-1: 2-RUN HOME RUN (Flyball, 89XD, EV 108.8 MPH), Distance : 434 ft
|
|
Batting: LHB Orlando Rivera
|
0-0: Ball 1-0: Ball 2-0: Called Strike 2-1: Ball 3-1: Base on Balls
|
|
Batting: RHB Kinzo Yokoyama
|
0-0: Ball 1-0: Ball 2-0: Ball 3-0: Base on Balls Orlando Rivera to second
|
|
Batting: RHB Robbie Gomez
|
0-0: Ball 1-0: Foul Ball, location: 2F 1-1: Ball 2-1: Foul Ball, location: 2F 2-2: Ball 3-2: Strikes out looking
|
| Bottom of the 7th over - 2 runs, 3 hits, 0 errors, 2 left on base; Wichita State University 3 - Oklahoma State University 3 |
| TOP OF THE 8TH |
|
Wichita State University Shockers batting - Pitching for Oklahoma State University Cowboys : RHP Rickey DuMire
|
|
Now at 2B: Tyler Maddux
|
|
|
Batting: LHB Sam Williams
|
0-0: Called Strike 0-1: Foul Ball, location: 2F 0-2: Foul Ball, location: 2F 0-2: Ball 1-2: Fly out, F7 (Flyball, 8LM, EV 88.8 MPH)
|
|
Batting: RHB Alex Campos
|
0-0: Ball 1-0: Reached via error on a dropped throw from SS, E3 (Groundball, 6MS, EV 82.5 MPH)
|
|
Batting: RHB Kieron Clark
|
0-0: Grounds into double play, 6-4-3 (Groundball, 6, EV 93.8 MPH)
|
| Top of the 8th over - 0 runs, 0 hits, 1 error, 0 left on base; Wichita State University 3 - Oklahoma State University 3 |
| BOTTOM OF THE 8TH |
|
Oklahoma State University Cowboys batting - Pitching for Wichita State University Shockers : RHP Franklin Vazquez
|
|
Pitching: RHP Jeremy Delka
|
|
|
Batting: LHB Ian Cranton
|
0-0: Ground out 5-3 (Groundball, 56, EV 81.9 MPH)
|
|
Batting: RHB Larry Clark
|
0-0: Fly out, F8 (Flyball, 8LD, EV 100.0 MPH)
|
|
Batting: SHB Chris Wagler
|
0-0: Called Strike 0-1: Fly out, F8 (Flyball, 8LD, EV 88.8 MPH)
|
| Bottom of the 8th over - 0 runs, 0 hits, 0 errors, 0 left on base; Wichita State University 3 - Oklahoma State University 3 |
| TOP OF THE 9TH |
|
Wichita State University Shockers batting - Pitching for Oklahoma State University Cowboys : RHP Rickey DuMire
|
|
Pitching: LHP Fadeuka Aleev
|
|
|
Pinch Hitting: RHB Manny Hensley
|
0-0: Called Strike 0-1: Ball 1-1: Swinging Strike 1-2: Ball 2-2: Ball 3-2: Foul Ball, location: 2F 3-2: Ground out 5-3 (Groundball, 5, EV 90.6 MPH)
|
|
Pinch Hitting: SHB Nadhir Umayr
|
0-0: Ball 1-0: Ball 2-0: Called Strike 2-1: Ground out 6-3 (Groundball, 4MD, EV 86.2 MPH)
|
|
Pinch Hitting: LHB Dong-u Chang
|
0-0: Called Strike 0-1: Fly out, F8 (Flyball, 8RXD, EV 100.6 MPH)
|
| Top of the 9th over - 0 runs, 0 hits, 0 errors, 0 left on base; Wichita State University 3 - Oklahoma State University 3 |
| BOTTOM OF THE 9TH |
|
Oklahoma State University Cowboys batting - Pitching for Wichita State University Shockers : RHP Jeremy Delka
|
|
Pitching: LHP Dzintars Balodis
|
|
|
Now at C: Nick Gossman
|
|
|
Now at 2B: Manny Hensley
|
|
|
Now at SS: Kieron Clark
|
|
|
Now in LF: Nadhir Umayr
|
|
|
Now in CF: Jonathan Iniguez
|
|
|
Batting: LHB Ed Talamantes
|
0-0: Ball 1-0: Called Strike 1-1: Ball 2-1: Swinging Strike 2-2: Strikes out swinging
|
|
Batting: RHB Mario Arriero
|
0-0: Swinging Strike 0-1: Ball 1-1: Foul Ball, location: 2F 1-2: Strikes out looking
|
|
Batting: SHB Tyler Maddux
|
0-0: Ball 1-0: Called Strike 1-1: Swinging Strike 1-2: Foul Ball, location: 2F 1-2: Ball 2-2: Fly out, F9 (Flyball, 9D, EV 90.0 MPH)
|
| Bottom of the 9th over - 0 runs, 0 hits, 0 errors, 0 left on base; Wichita State University 3 - Oklahoma State University 3 |
| TOP OF THE 10TH |
|
Wichita State University Shockers batting - Pitching for Oklahoma State University Cowboys : LHP Fadeuka Aleev
|
|
Batting: RHB Jonathan Iniguez
|
0-0: Ball 1-0: Ball 2-0: Ball 3-0: Called Strike 3-1: Ground out 4-3 (Groundball, 4, EV 88.8 MPH)
|
|
Batting: RHB Taffounnout Kame
|
0-0: Ball 1-0: Called Strike 1-1: Called Strike 1-2: Ball 2-2: Ball 3-2: Strikes out swinging
|
|
Batting: RHB Zach Maguire
|
0-0: Ball 1-0: Ground out 6-3 (Groundball, 6, EV 81.9 MPH)
|
| Top of the 10th over - 0 runs, 0 hits, 0 errors, 0 left on base; Wichita State University 3 - Oklahoma State University 3 |
| BOTTOM OF THE 10TH |
|
Oklahoma State University Cowboys batting - Pitching for Wichita State University Shockers : LHP Dzintars Balodis
|
|
Batting: LHB Orlando Rivera
|
0-0: Ball 1-0: Foul Ball, location: 2F 1-1: Ball 2-1: SINGLE (Groundball, 4M, EV 82.5 MPH) (infield hit)
|
|
Batting: RHB Kinzo Yokoyama
|
0-0: Called Strike 0-1: Foul Ball, location: 2F 0-2: Ball 1-2: Ball 2-2: Foul Ball, location: 2F 2-2: Strikes out swinging
|
|
Batting: RHB Robbie Gomez
|
0-0: Called Strike 0-1: Ball 1-1: Ball 2-1: Fly out, F4 (Popup, 34, EV 66.9 MPH)
|
|
Batting: LHB Ian Cranton
|
0-0: Foul Ball, location: 2F 0-1: Ball 1-1: Foul Ball, location: 2F 1-2: Ball 2-2: Ball 3-2: Foul Ball, location: 2F 3-2: Foul Ball, location: 2F 3-2: Fly out, F2 (Popup, 2L, EV 98.1 MPH)
|
| Bottom of the 10th over - 0 runs, 1 hit, 0 errors, 1 left on base; Wichita State University 3 - Oklahoma State University 3 |
| TOP OF THE 11TH |
|
Wichita State University Shockers batting - Pitching for Oklahoma State University Cowboys : LHP Fadeuka Aleev
|
|
Pitching: RHP Randy Nelligan
|
|
|
Batting: LHB Sam Williams
|
0-0: Called Strike 0-1: Called Strike 0-2: DOUBLE (Line Drive, 9LS, EV 92.5 MPH)
|
|
Batting: RHB Alex Campos
|
0-0: Ball 1-0: Ground out 6-3 (Groundball, 6, EV 85.6 MPH)
|
|
Batting: RHB Kieron Clark
|
0-0: Foul Ball, location: 2F 0-1: 2-RUN HOME RUN (Flyball, 7D, EV 93.8 MPH), Distance : 382 ft
|
|
Batting: RHB Manny Hensley
|
0-0: Ball 1-0: Called Strike 1-1: Foul Ball, location: 2F 1-2: Ball 2-2: Ball 3-2: Hit by Pitch
|
|
Batting: SHB Nadhir Umayr
|
0-0: Foul Ball, location: 2F 0-1: Fielders Choice at 2nd, 6-4 (Groundball, 6, EV 83.8 MPH)
|
|
Batting: RHB Nick Gossman
|
0-0: Ball 1-0: Ball 2-0: Called Strike 2-1: Foul Ball, location: 2F 2-2: Foul Ball, location: 2F 2-2: Foul Ball, location: 2F 2-2: Strikes out swinging
|
| Top of the 11th over - 2 runs, 2 hits, 0 errors, 1 left on base; Wichita State University 5 - Oklahoma State University 3 |
| BOTTOM OF THE 11TH |
|
Oklahoma State University Cowboys batting - Pitching for Wichita State University Shockers : LHP Dzintars Balodis
|
|
Pitching: RHP Eric Patrick
|
|
|
Batting: RHB Larry Clark
|
0-0: Ground out 5-3 (Groundball, 56S, EV 85.0 MPH)
|
|
Batting: SHB Chris Wagler
|
0-0: Ball 1-0: Ball 2-0: SINGLE (Groundball, 34D, EV 98.8 MPH)
|
|
Batting: LHB Ed Talamantes
|
0-0: Ball 1-0: Ball 2-0: Foul Ball, location: 2F 2-1: Ball 3-1: Swinging Strike 3-2: SINGLE (Groundball, 34D, EV 96.2 MPH) Chris Wagler to second Chris Wagler to third
|
|
Batting: RHB Mario Arriero
|
0-0: Fly out, F9 (Flyball, 9S, EV 74.4 MPH)
|
|
Batting: SHB Tyler Maddux
|
0-0: Swinging Strike 0-1: Fly out, F8 (Flyball, 8LD, EV 101.9 MPH)
|
| Bottom of the 11th over - 0 runs, 2 hits, 0 errors, 2 left on base; Wichita State University 5 - Oklahoma State University 3 |
|